 Dungeon Crawl Stone Soup version 0.22.0-18-ge075c0d (webtiles) character file.

44 Faca the Shooter (level 3, -1/31 HPs)
             Began as a Centaur Hunter on Aug 18, 2018.
             Slain by an adder (4 damage)
             ... on level 2 of the Dungeon.
             The game lasted 00:02:44 (1320 turns).

Faca the Shooter (Centaur Hunter)                   Turns: 1320, Time: 00:02:45

Health: -1/31      AC:  4    Str: 14    XL:     3   Next: 41%
Magic:  3/3        EV:  9    Int: 10    God:
Gold:   57         SH:  0    Dex: 10    Spells: 2/2 levels left

rFire    . . .     SeeInvis .   b - +0 short sword
rCold    . . .     Gourm    .   (no shield)
rNeg     . . .     Faith    .   c - +0 leather armour
rPois    .         Spirit   .   (no helmet)
rElec    .         Reflect  .   (no cloak)
rCorr    .         Harm     .   (no gloves)
MR       .....                  (no barding)
Stlth    +.........             (no amulet)
HPRegen  0.10/turn              (no ring)
MPRegen  0.08/turn              (no ring)

@: lethally poisoned (-1 -> -12), very quick
A: large, hooves 3, deformed body, speed 2, tough skin 3
a: no special abilities


You were on level 2 of the Dungeon.
You were not hungry.

You visited 1 branch of the dungeon, and saw 2 of its levels.

You collected 57 gold pieces.

Inventory:

Hand Weapons
 a - a +1 shortbow
 b - a +0 short sword (weapon)
Missiles
 d - 20 arrows
Armour
 c - a +0 leather armour (worn)
Jewellery
 j - a cursed amulet of inaccuracy {unknown}
Scrolls
 g - 2 scrolls of remove curse {unknown}
 h - 2 scrolls of identify {unknown}
 i - a scroll of enchant armour {unknown}
 l - a scroll of fog {unknown}
 m - a scroll of enchant weapon {unknown}
 n - a scroll of teleportation {unknown}
Potions
 e - a potion of flight {unknown}
Comestibles
 f - 3 rations
 k - 7 chunks of flesh


   Skills:
 + Level 3.1 Fighting
 + Level 6.1 Bows
 - Level 1.3 Dodging
 - Level 0.4 Stealth


You had 2 spell levels left.
You didn't know any spells.
Your spell library was empty.

Dungeon Overview and Level Annotations

Branches:
Dungeon (2/15)

Altars:


Innate Abilities, Weirdness & Mutations

You have hooves in place of feet.
Armour fits poorly on your strangely shaped body.
You cover ground very quickly.
You have extremely tough skin. (AC +3)


Message History

The adder is moderately wounded.
The adder misses you.
You hit the adder but do no damage.
The adder is moderately wounded.
You feel sick. The adder bites you.
* * * LOW HITPOINT WARNING * * *
The adder bites you.
* * * LOW HITPOINT WARNING * * *
You are more poisoned.
The adder poisons you!
You miss the adder.
The adder is moderately wounded.
* * * LOW HITPOINT WARNING * * *
You feel sick. The adder bites you.
* * * LOW HITPOINT WARNING * * *
You hit the adder. You kick the adder, but do no damage.
The adder is severely wounded.
* * * LOW HITPOINT WARNING * * *
You feel sick. The adder bites you but does no damage. The adder bites you.
You die...

..##.##.#........
#<.....#........
#...............
#...............
#............... #
#....#..........
####.##.###...).<.[...
........#...#.######..
......S@..###.######
.........## #.<....#
........## ###.......
........# .......
..[>..... .......
####..### ....... #>#
....... #. ?......
.......


You could see an adder.

Vanquished Creatures
  2 dart slugs (D:1)
  A leopard gecko (D:1)
  4 bats
  3 giant cockroaches (D:1)
  3 goblins
  5 hobgoblins (D:1)
  7 jackals (D:1)
  4 kobolds
  2 frilled lizards (D:1)
  3 rats (D:1)
34 creatures vanquished.

Notes
Turn   | Place    | Note
-------+----------+-------------------------------------------
     0 | D:1      | Faca the Centaur Hunter began the quest for the Orb.
     0 | D:1      | Reached XP level 1. HP: 17/17 MP: 1/1
     3 | D:1      | Noticed a vine stalker
     3 | D:1      | Noticed a troll
     5 | D:1      | Noticed a tengu
     5 | D:1      | Noticed a human
     7 | D:1      | Noticed a formicid
     9 | D:1      | Noticed a demigod
     9 | D:1      | Noticed a ghoul
    11 | D:1      | Noticed a demonspawn
    13 | D:1      | Noticed a centaur
    13 | D:1      | Noticed a halfling
    15 | D:1      | Noticed an octopode
    15 | D:1      | Noticed a minotaur
    17 | D:1      | Noticed a spriggan
    17 | D:1      | Noticed a merfolk
    19 | D:1      | Noticed an elf
    19 | D:1      | Noticed an ogre
    21 | D:1      | Noticed a gargoyle
    21 | D:1      | Noticed a dwarf
    25 | D:1      | Noticed a draconian
    25 | D:1      | Noticed a felid
    27 | D:1      | Noticed a vampire
    27 | D:1      | Noticed a naga
   242 | D:1      | Reached XP level 2. HP: 16/25 MP: 2/2
   926 | D:1      | Reached skill level 6 in Bows
   930 | D:1      | Reached XP level 3. HP: 19/30 MP: 3/3
  1320 | D:2      | Slain by an adder

Skill      XL: |  1  2  3 |
---------------+----------+-----
Bows           | 6 |  6.1
Fighting       | 3 |  3.1
Dodging        | |  1.3
Stealth        | |  0.4

Action                   || total
-------------------------++-------
Melee: Short sword       ||   133
       Kick              ||    23
  Eat: Chunk             ||     1
Armor: Leather armour    ||    43
Dodge: Dodged            ||    77
